 Dungeon Crawl Stone Soup version 0.25.1-2-g60ff931df9 (webtiles) character file.

Game seed: 8855537891271455077

141852 Almogavar the Warrior (level 17, -4/147 HPs)
             Began as a Merfolk Gladiator on Sept 3, 2020.
             Was the Champion of Okawaru.
             Slain by a brown very ugly thing (10 damage)
             ... on level 3 of the Abyss.
             The game lasted 03:05:06 (37906 turns).

Almogavar the Warrior (Merfolk Gladiator)          Turns: 37906, Time: 03:05:07

Health: -4/147     AC: 19    Str: 18    XL:     17   Next: 34%
Magic:  0/19       EV: 28    Int:  8    God:    Okawaru [******]
Gold:   1644       SH: 10    Dex: 19    Spells: 16/16 levels left

rFire    . . .     SeeInvis +   a - +5 trident (vamp)
rCold    . . .     Gourm    .   D - +0 kite shield {rN+}
rNeg     + . .     Faith    .   V - +1 chain mail of the King of the Hill {Str+5}
rPois    .         Spirit   +   g - +0 mask of the Dragon {MR+ Slay+3 SInv}
rElec    .         Reflect  .   B - +2 cloak {Stlth+}
rCorr    +         Harm     .   S - +2 pair of gloves {archery}
MR       ++...                  (boots currently unavailable)
Stlth    ++........             Z - amulet of guardian spirit
HPRegen  0.34/turn              M - ring of resist corrosion
MPRegen  0.16/turn              N - ring of Phasing {EV+8}

@: mighty, very quick
A: change form in water, swift swim, stealthy swim, [weak 2]
a: Heroism, Finesse, Renounce Religion


You were on level 3 of the Abyss.
You worshipped Okawaru.
Okawaru was exalted by your worship.
You were not hungry.

You visited 5 branches of the dungeon, and saw 28 of its levels.
You visited the Abyss 1 time.
You also visited: Sewer and Ossuary.

You collected 2764 gold pieces.
You spent 1120 gold pieces at shops.

Inventory:

Hand Weapons
 a - a +5 vampiric trident (weapon)
 c - a +3 trident of freezing
 F - a +2 antimagic trident
 U - the +8 quarterstaff of Wuqyicaj {vamp, Str+6 SInv}
   (Okawaru gifted it to you on level 2 of the Lair of Beasts)

   It inflicts no extra harm, but heals its wielder when it wounds a living foe.
   It affects your strength (+6).
   It lets you see invisible.
 Y - the +9 quarterstaff "Dragon's Undoing" {holy, rN+ Int+6}
   (Okawaru gifted it to you on level 4 of the Lair of Beasts)

   It has been blessed by the Shining One to cause great damage to the undead
   and demons.
   It affects your intelligence (+6).
   It protects you from negative energy.
Missiles
 A - 14 boomerangs (quivered)
 H - 10 silver boomerangs
 P - 14 silver javelins
 R - 35 javelins
Armour
 g - the +0 mask of the Dragon (worn) {MR+ Slay+3 SInv}
   (You found it on level 13 of the Dungeon)

   It affects your accuracy and damage with ranged weapons and melee attacks
   (+3).
   It affects your resistance to hostile enchantments.
   It lets you see invisible.
 n - the +2 pair of boots "Vocvai" (melded) {+Fly rElec rC+ Int-2}
   (Okawaru gifted it to you on level 6 of the Lair of Beasts)

   It affects your intelligence (-2).
   It protects you from cold.
   It insulates you from electricity.
   It lets you fly.
 q - a +2 helmet of see invisible
 B - a +2 cloak of stealth (worn)
 C - a +2 chain mail of magic resistance
 D - a +0 kite shield of positive energy (worn)
 J - +0 steam dragon scales
 S - a +2 pair of gloves of archery (worn)
 V - the +1 chain mail of the King of the Hill (worn) {Str+5}
   (You found it on level 6 of the Lair of Beasts)

   It affects your strength (+5).
Jewellery
 M - a ring of resist corrosion (left hand)
 N - the ring of Phasing (right hand) {EV+8}
   (You found it on level 9 of the Dungeon)

   [ring of evasion]

   It affects your evasion (+8).
 W - the ring of Hauming {rC+++ MR- Str+6 Int+6 Stlth-}
   (You found it on level 3 of the Lair of Beasts)

   [ring of intelligence]

   It affects your strength (+6).
   It affects your intelligence (+6).
   It renders you almost immune to cold.
   It affects your resistance to hostile enchantments.
   It makes you less stealthy.
 Z - an amulet of guardian spirit (around neck)
Wands
 m - a wand of digging (7)
 y - a wand of acid (12)
 G - a wand of iceblast (4)
 K - a wand of flame (20)
 O - a wand of clouds (7)
 X - a wand of paralysis (16)
Scrolls
 e - 5 scrolls of magic mapping
 h - 4 scrolls of fog
 i - a scroll of fear
 j - a scroll of silence
 o - 11 scrolls of remove curse
 r - 2 scrolls of brand weapon
 v - 8 scrolls of teleportation
 x - 5 scrolls of blinking
 Q - 4 scrolls of identify
Potions
 b - a potion of resistance
 k - 2 potions of stabbing
 l - 3 potions of might
 p - 2 potions of berserk rage
 t - 3 potions of ambrosia
 u - 5 potions of invisibility
 z - 5 potions of cancellation
 E - 4 potions of haste
 I - 7 potions of curing
 L - 4 potions of mutation
Miscellaneous
 d - a lightning rod (4/4)
 w - a phial of floods (inert)
Comestibles
 f - 34 rations


   Skills:
 + Level 17.1 Fighting
 - Level 14.0 Polearms
 - Level 14.7 Throwing
 + Level 9.1 Armour
 + Level 16.6 Dodging
 + Level 8.4 Stealth
 * Level 4.8 Shields
 + Level 2.6 Invocations


You had 16 spell levels left.
You didn't know any spells.
Your spell library contained the following spells:

 Spells                   Type           Power        Failure   Level  Hunger
 Freeze                   Ice            #...         100%        1    ##.....
 Shock                    Conj/Air       #...         100%        1    ##.....
 Summon Small Mammal      Summ           #...         100%        1    ##.....
 Call Imp                 Summ           #.......     100%        2    ###....
 Swiftness                Chrm/Air       #.......     100%        2    ###....
 Call Canine Familiar     Summ           #.......     100%        3    ####...
 Frozen Ramparts          Ice            #.....       100%        3    ####...
 Ozocubu's Armour         Chrm/Ice       #.......     100%        3    ####...
 Static Discharge         Conj/Air       #.......     100%        3    ####...
 Summon Guardian Golem    Hex/Summ       #.......     100%        3    ####...
 Airstrike                Air            #.........   100%        4    #####..
 Hailstorm                Conj/Ice       #.......     100%        4    #####..
 Summon Ice Beast         Ice/Summ       #.......     100%        4    #####..
 Summon Lightning Spire   Summ/Air       #.......     100%        4    #####..
 Irradiate                Conj/Tmut      #.........   100%        5    ######.
 Lightning Bolt           Conj/Air       #.........   100%        5    ######.
 Hydra Form               Tmut           #.........   100%        6    #######
 Statue Form              Tmut/Erth      #........    100%        6    #######
 Dragon Form              Tmut           #.........   100%        7    #######


Dungeon Overview and Level Annotations

Branches:
Dungeon (15/15)            Temple (1/1) D:6            Lair (6/6) D:10
 Shoals (4/4) Lair:2        Snake (0/4) Lair:2        Slime (0/5) Lair:5
    Orc (2/2) D:12            Elf (0/3) Orc:2        Depths (0/5) D:15
  Sewer (visited)         Ossuary (visited)
 Vaults: D:13-14

Altars:
Ashenzari
Cheibriados
Dithmenos
Elyvilon
Fedhas
Gozag
Hepliaklqana
Kikubaaqudgha
Makhleb
Nemelex Xobeh
Okawaru
Qazlal
Ru
Sif Muna
Trog
Uskayaw
Vehumet
Wu Jian
Xom
Yredelemnul
Zin
Beogh
Lugonu

Shops:
Orc:2 [%%[   Shoals:2 (:%}


Innate Abilities, Weirdness & Mutations

You revert to your normal form in water.
You are very nimble and swift while swimming.
You are very stealthy in the water. (Stealth+)
[You are very weak. (Str -4)]


Message History

The brown very ugly thing is lightly wounded.
The brown very ugly thing is no longer waterlogged.
The hellwing misses you. You block the hellwing's attack.
The brown very ugly thing completely misses you.
You closely miss the brown very ugly thing.
You tail-slap the brown very ugly thing.
The brown very ugly thing is lightly wounded.
The wretched star glows turbulently.
The lance of force hits you!!
* * * LOW HITPOINT WARNING * * *
You are knocked back by the lance of force.
You slam into the crystal wall!
* * * LOW HITPOINT WARNING * * *
Floosh!
You closely miss the brown very ugly thing.
The brown very ugly thing is lightly wounded.
You block the hellwing's attack.
The hellwing hits you but does no damage.
The brown very ugly thing trunk-slaps you!
You die...

##.###.###
.%#...#...#.[
#
....[.......
..
....∩......
..
.#........#
...
≈....#.......
#...*≈≈.#
##u)# #..@#
#≈....4##
#.#..## .....
#... ..# .≈


You could see a brown very ugly thing, a wretched star and a hellwing.

Vanquished Creatures
  A frost giant (D:15)
  A very ugly thing (Abyss:3)
  3 merfolk impalers
  2 ogre magi (D:15)
  5 hydras
  2 vault guards (D:13)
  5 merfolk avatars
  2 alligator snapping turtles
  2 merfolk aquamancers
  2 centaur warriors
  2 satyrs (Shoals:2)
  16 two-headed ogres
  A tengu warrior (D:15)
  3 orc high priests (Orc:2)
  Sonja (Lair:3)
  A wretched star (Abyss:2)
  Nergalle (D:11)
  A sixfirhy (Abyss:2)
  A large abomination (Abyss:2)
  4 skeletal warriors
  A glowing orange brain (Abyss:2)
  4 unseen horrors
  15 sea snakes
  5 starcursed masses (Abyss:2)
  2 wizards
  A wolf spider zombie (D:13)
  4 orc knights (Orc:2)
  8 harpies
  2 necromancers (D:13)
  2 deep elf magi
  4 orc sorcerers (Orc:2)
  6 cyclopes
  16 fauns
  7 ugly things
  11 elephants
  8 manticores
  4 merfolk sirens
  An orange demon (Abyss:3)
  4 water nymphs
  5 black mambas
  2 gargoyles (D:13)
  Maggie (D:8)
  8 spiny frogs
  4 yaktaurs (D:14)
  11 rime drakes
  An efreet (D:14)
  A tengu conjurer (D:14)
  11 komodo dragons
  3 ancient zymes (Abyss:2)
  4 meliai
  5 polar bears
  24 merfolk
  8 trolls
  A jumping spider (shapeshifter) (D:13)
  A queen bee (D:8)
  4 hornets
  2 wind drakes
  12 slime creatures
  20 blink frogs
  13 hippogriffs
  9 dream sheep
  8 snapping turtles
  A centaur simulacrum (D:15)
  A ynoxinul (Abyss:2)
  A tarantella (D:13)
  12 spriggans (Lair:5)
  A vampire (D:14)
  2 shadows
  3 redbacks (D:12)
  8 water elementals
  12 humans (D:13)
  3 wraiths
  A basilisk (Lair:3)
  7 wyverns
  43 yaks
  2 hungry ghosts
  A human (shapeshifter) (D:8)
  5 wargs
  11 water moccasins
  An acid dragon (D:14)
  10 porcupines
  2 black bears (D:10)
  20 orc warriors
  2 eyes of draining
  7 ice beasts
  3 wolves (Lair:3)
  4 sky beasts
  11 ogres
  3 boggarts (Lair:5)
  A necrophage (D:13)
  10 centaurs
  13 crocodiles
  An elf zombie (Ossuary)
  3 big kobolds
  13 bullfrogs
  A gnoll sergeant (D:5)
  2 scorpions
  22 killer bees
  2 electric eels
  6 crimson imps
  7 hounds
  A bullfrog zombie (D:11)
  2 centaur zombies
  6 jellies
  18 orc wizards
  3 iguanas
  22 orc priests
  14 worker ants
  A killer bee zombie (D:4)
  5 big kobold zombies (Ossuary)
  2 hound zombies (Ossuary)
  2 hound skeletons
  2 mummies (Ossuary)
  A worker ant zombie (D:10)
  20 gnolls
  A howler monkey skeleton (D:8)
  2 river rats (Sewer)
  11 adders
  3 shadow imps
  5 oozes
  2 adder skeletons (D:5)
  3 adder zombies
  7 worms
  5 leopard geckos
  73 orcs
  4 ball pythons
  8 bats
  14 giant cockroaches
  4 goblins
  10 hobgoblins
  15 jackals
  A quokka (D:5)
  A frilled lizard (D:4)
  4 goblin zombies (Ossuary)
  A hobgoblin zombie (Ossuary)
  3 jackal zombies (Ossuary)
  18 kobolds
  5 kobold zombies (Ossuary)
  A leopard gecko skeleton (D:4)
  A leopard gecko zombie (D:7)
  3 orc zombies (Ossuary)
  A quokka zombie (Ossuary)
  16 rats
  9 rat zombies (Ossuary)
  3 plants
  A starspawn tentacle (Abyss:2)
911 creatures vanquished.

Vanquished Creatures (others)
  Erolcha (D:10)
  A manticore (Shoals:4)
  An ice beast (D:8)
  A killer bee (D:8)
  An orc priest (Orc:2)
  A jelly (D:5)
  A mummy (Ossuary)
  A river rat (Sewer)
  A kobold (D:10)
  A gnoll zombie (Ossuary)
  A quokka zombie (Ossuary)
  8 bushes (D:15)
  6 fungi
  12 plants
  A starspawn tentacle (Abyss:2)
38 creatures vanquished.

Grand Total: 949 creatures vanquished

Notes
Turn   | Place    | Note
-------+----------+-------------------------------------------
     0 | D:1      | Almogavar the Merfolk Gladiator began the quest for the
                  | Orb.
     0 | D:1      | Reached XP level 1. HP: 16/16 MP: 1/1
     1 | D:1      | Found a runed translucent door.
    90 | D:1      | Reached XP level 2. HP: 22/22 MP: 2/2
   372 | D:1      | Reached XP level 3. HP: 27/27 MP: 3/3
   425 | D:1      | Reached skill level 5 in Polearms
   629 | D:1      | Reached XP level 4. HP: 29/34 MP: 4/4
  1083 | D:2      | Found a sparkling altar of Nemelex Xobeh.
  1846 | D:3      | Reached XP level 5. HP: 39/39 MP: 5/5
  2050 | D:3      | Reached skill level 5 in Dodging
  2395 | D:3      | Found a shimmering altar of Xom.
  2461 | D:4      | Reached skill level 1 in Armour
  2686 | D:4      | Reached XP level 6. HP: 25/46 MP: 6/6
  2933 | D:4      | Reached skill level 3 in Fighting
  3673 | D:4      | You fall into a shaft and drop 3 floors!
  3730 | D:7      | Found a sand-covered staircase.
  3738 | Ossuary  | Entered an ossuary
  3805 | Ossuary  | Reached XP level 7. HP: 52/52 MP: 7/7
  4026 | Ossuary  | Reached skill level 1 in Stealth
  4499 | D:6      | Found a staircase to the Ecumenical Temple.
  4533 | D:6      | Reached skill level 4 in Fighting
  4533 | D:6      | Reached XP level 8. HP: 59/60 MP: 8/8
  4537 | Temple   | Entered the Ecumenical Temple
  4640 | Temple   | Became a worshipper of Warmaster Okawaru
  4737 | D:6      | Found a glowing drain.
  4753 | Sewer    | Entered a sewer
  4983 | Sewer    | Reached skill level 10 in Polearms
  5063 | Sewer    | Found a white marble altar of Elyvilon.
  5177 | D:5      | Entered Level 5 of the Dungeon
  6340 | D:5      | Reached * piety under Okawaru
  6525 | D:5      | Reached skill level 5 in Fighting
  6525 | D:5      | Reached XP level 9. HP: 61/68 MP: 9/9
  7824 | D:7      | Reached ** piety under Okawaru
  8085 | D:8      | Noticed a queen bee
  8166 | D:8      | Killed a queen bee
  8194 | D:8      | HP: 3/69 [killer bee (4)]
  8484 | D:8      | Noticed Maggie
  8498 | D:8      | Killed Maggie
  8498 | D:8      | Reached skill level 6 in Fighting
  8736 | D:8      | Reached XP level 10. HP: 77/77 MP: 10/10
  8797 | D:8      | Reached *** piety under Okawaru
  9054 | D:8      | Reached skill level 5 in Stealth
  9054 | D:8      | Reached skill level 1 in Invocations
  9471 | D:8      | Reached skill level 5 in Armour
  9986 | D:9      | Reached skill level 7 in Fighting
 10191 | D:9      | Noticed a two-headed ogre
 11318 | D:9      | Killed a two-headed ogre
 11318 | D:9      | Reached **** piety under Okawaru
 11344 | D:9      | Found the ring of Phasing {EV+8}
 11375 | D:9      | Reached skill level 8 in Fighting
 11509 | D:10     | Entered Level 10 of the Dungeon
 11509 | D:10     | Noticed a green ugly thing
 11535 | D:10     | Killed a green ugly thing
 11536 | D:10     | Found an iron altar of Okawaru.
 11854 | D:10     | Noticed Erolcha
 12033 | D:10     | Killed Erolcha
 12033 | D:10     | Reached XP level 11. HP: 40/87 MP: 11/11
 12044 | D:10     | Received a gift from Okawaru
 12629 | D:10     | Reached skill level 5 in Throwing
 13011 | D:10     | Found a staircase to the Lair.
 13718 | Lair:1   | Entered Level 1 of the Lair of Beasts
 14024 | Lair:1   | Received a gift from Okawaru
 14313 | Lair:1   | Reached ***** piety under Okawaru
 14313 | Lair:1   | Received a gift from Okawaru
 14325 | Lair:1   | Reached skill level 9 in Fighting
 14513 | Lair:1   | Received a gift from Okawaru
 14561 | Lair:1   | Noticed a four-headed hydra
 14572 | Lair:1   | Killed a four-headed hydra
 14572 | Lair:1   | Reached skill level 10 in Dodging
 15336 | Lair:2   | Received a gift from Okawaru
 15341 | Lair:2   | Got a crude quarterstaff {god gift}
 15429 | Lair:2   | Identified the +8 quarterstaff of Wuqyicaj {vamp, Str+6
                  | SInv} (Okawaru gifted it to you on level 2 of the Lair of
                  | Beasts)
 15658 | Lair:2   | Found a staircase to the Snake Pit.
 15951 | Lair:2   | Reached XP level 12. HP: 95/97 MP: 13/13
 15976 | Lair:2   | Noticed a six-headed hydra
 15981 | Lair:2   | Killed a six-headed hydra
 16039 | Lair:2   | Reached skill level 10 in Fighting
 16139 | Lair:2   | Found a staircase to the Shoals.
 16550 | Lair:3   | Received a gift from Okawaru
 16979 | Lair:3   | Got an ancient bronze ring
 16980 | Lair:3   | Identified the ring of Hauming {rC+++ MR- Str+6 Int+6
                  | Stlth-} (You found it on level 3 of the Lair of Beasts)
 17515 | Lair:3   | Received a gift from Okawaru
 17537 | Lair:3   | Noticed Sonja
 17543 | Lair:3   | Killed Sonja
 17755 | Lair:3   | You fall into a shaft and drop 2 floors!
 17789 | Lair:5   | Received a gift from Okawaru
 17913 | Lair:4   | Received a gift from Okawaru
 17947 | Lair:4   | Got an ancient quarterstaff {god gift}
 18883 | Lair:4   | Noticed a six-headed hydra
 19323 | Lair:4   | Killed a six-headed hydra
 19323 | Lair:4   | Received a gift from Okawaru
 19363 | Lair:4   | Reached XP level 13. HP: 105/105 MP: 14/14
 19505 | Lair:4   | Found a blossoming altar of Fedhas.
 19520 | Lair:4   | Reached skill level 10 in Throwing
 19535 | Lair:4   | Reached skill level 11 in Fighting
 21380 | Lair:5   | Received a gift from Okawaru
 21690 | Lair:5   | Found a staircase to the Slime Pits.
 21884 | Lair:6   | Entered Level 6 of the Lair of Beasts
 22159 | Lair:5   | Reached ****** piety under Okawaru
 22342 | Lair:6   | Received a gift from Okawaru
 22539 | Lair:6   | Received a gift from Okawaru
 22552 | Lair:6   | Reached skill level 12 in Fighting
 22565 | Lair:6   | Got a pair of polished boots {god gift}
 22576 | Lair:6   | Identified the +2 pair of boots "Vocvai" {+Fly rElec rC+
                  | Int-2} (Okawaru gifted it to you on level 6 of the Lair of
                  | Beasts)
 22606 | Lair:6   | Reached XP level 14. HP: 108/115 MP: 13/15
 22764 | Lair:6   | Got a fine chain mail
 22775 | Lair:6   | Identified the cursed +1 chain mail of the King of the Hill
                  | {Str+5} (You found it on level 6 of the Lair of Beasts)
 22800 | Lair:6   | Reached skill level 15 in Dodging
 24093 | D:11     | Noticed Nergalle
 24134 | D:11     | Killed Nergalle
 25436 | D:12     | Received a gift from Okawaru
 25574 | D:12     | Received a gift from Okawaru
 26231 | D:12     | You fall into a shaft and drop 1 floor!
 26483 | D:12     | Received a gift from Okawaru
 26815 | D:12     | Found a staircase to the Orcish Mines.
 26827 | D:12     | Found a roughly hewn altar of Beogh.
 27195 | Orc:1    | Entered Level 1 of the Orcish Mines
 27331 | Orc:1    | Reached skill level 13 in Fighting
 27647 | Orc:2    | Entered Level 2 of the Orcish Mines
 27742 | Orc:2    | Received a gift from Okawaru
 28219 | Orc:2    | Found a staircase to the Elven Halls.
 28478 | Orc:2    | Reached XP level 15. HP: 74/124 MP: 10/16
 29315 | Orc:2    | Found Iddaa's Antique Armour Emporium.
 29315 | Orc:2    | Found Tus Wual's Food Emporium.
 29316 | Orc:2    | Found Fietwit's Armour Shop.
 29321 | Orc:2    | Found Cusoash's Food Shop.
 30488 | D:13     | Found the +0 mask of the Dragon {MR+ Slay+3 SInv}
 31065 | D:13     | You fall into a shaft and drop 2 floors!
 31065 | D:15     | Entered Level 15 of the Dungeon
 31071 | D:15     | Received a gift from Okawaru
 31103 | D:15     | Reached skill level 14 in Fighting
 31135 | D:15     | Received a gift from Okawaru
 31299 | D:15     | Found a corrupted altar of Lugonu.
 31485 | D:14     | Received a gift from Okawaru
 32640 | D:15     | Reached skill level 15 in Fighting
 32640 | D:15     | Reached XP level 16. HP: 136/136 MP: 17/17
 33109 | D:15     | Identified the +9 quarterstaff "Dragon's Undoing" {holy,
                  | rN+ Int+6} (Okawaru gifted it to you on level 4 of the Lair
                  | of Beasts)
 33266 | D:15     | Found a staircase to the Depths.
 33584 | Shoals:1 | Entered Level 1 of the Shoals
 35198 | Shoals:2 | Found Vuj Iloihu's Gadget Shoppe.
 35233 | Shoals:2 | Bought a lightning rod (4/4) for 560 gold pieces
 35233 | Shoals:2 | Bought a phial of floods for 560 gold pieces
 35296 | Shoals:2 | Reached skill level 16 in Fighting
 35343 | Shoals:2 | Found Pirradoju's Antique Weapon Shop.
 35348 | Shoals:2 | Received a gift from Okawaru
 35472 | Shoals:2 | Received a gift from Okawaru
 35872 | Shoals:2 | Found Isutomoa's Book Shop.
 35880 | Shoals:2 | Found Vuer's Food Emporium.
 35897 | Shoals:2 | Received a gift from Okawaru
 36217 | Shoals:3 | Reached skill level 1 in Shields
 36567 | Shoals:3 | Reached XP level 17. HP: 146/146 MP: 18/18
 37327 | Shoals:4 | Entered Level 4 of the Shoals
 37535 | Shoals:4 | Reached skill level 17 in Fighting
 37548 | Shoals:4 | Cast into level 2 of the Abyss (merfolk)
 37548 | Abyss:2  | Found a corrupted altar of Lugonu.
 37653 | Abyss:2  | Noticed a tentacled starspawn
 37800 | Abyss:2  | HP: 5/147 [crystal wall collision (7)]
 37894 | Abyss:3  | HP: 5/147 [meliai/divine providence (10)]
 37897 | Abyss:3  | Received a gift from Okawaru
 37905 | Abyss:3  | HP: 6/147 [crystal wall collision (11)]
 37906 | Abyss:3  | Slain by a brown very ugly thing

Illustrated notes

Levels and vault maps discovered:
D:1:      dpeg_arrival_caged_fury, layout_rooms, minmay_misc_feat_secret_circle
D:2:      layout_loops_ring, nemelex_dance_club_becter
D:3:      layout_rooms, tgw_xom, minmay_goblin_kobold_house
D:4:      layout_loops_cross
D:5:      layout_rooms, first_ration
D:6:      layout_cave_pools, minmay_temple_entry_mist,
          cheibrodos_sewer_entry_bend
D:7:      layout_basic, nicolae_ossuary_entry_ruins
D:8:      layout_basic, supply_closet_lemuel, david_nohive_1, uniq_maggie
D:9:      layout_roguey
D:10:     layout_cave_pods, grunt_lair_entry_orc_guard_hut, okawaru_trees_1,
          uniq_erolcha
D:11:     layout_basic, uniq_nergalle
D:12:     layout_irregular_city, minmay_orc_entry_temple_small,
          serial_co_window_serial, co_window_paths_b, co_window_paths_a,
          co_window_paths_b, co_window_paths_b, co_window_of_opportunity_a,
          co_window_of_opportunity_a, co_window_of_opportunity_a,
          co_window_of_opportunity_b, co_window_unsneaky_path_a,
          co_window_cross_4, co_window_4corner_b, glass_columns_c,
          glass_columns_a, glass_columns_c, glass_columns_c, glass_columns_b
D:13:     layout_loops_ring, grunt_vaults_entry_tiered
D:14:     layout_loops_cross, nrook_pool_corridor, eino_tiny_chamber
D:15:     grunt_enter_depths_snipers, layout_irregular_city, serial_park_paths
          [serial_park_minivault_5x5_2], chequers_serial_rivers_large_a,
          tgw_lugonu_bribe
Temple:   minmay_crystal_snake_temple
Lair:1:   layout_loops_ring
Lair:2:   layout_cave_pods, minmay_shoals_entry_lonely_mermaid,
          dummy_snake_entry, small_statue_intersection
Lair:3:   layout_layer_cave, grunt_megastairs_1, serial_bayou_shore_a,
          uniq_sonja
Lair:4:   layout_gridlike, basic_altar, bh_autumn_forest_stairs,
          serial_bayou_pond_a, minivault_11, zaba_anthole
Lair:5:   kb_forest_paths, layout_regular_city, dpeg_slime_entry_corner,
          minmay_lair_drake_nest, serial_bayou_shore_b,
          infiniplex_staircase_pool
Lair:6:   gammafunk_lair_ancient_temple, layout_regular_city
Shoals:1: layout_shoals
Shoals:2: layout_shoals, serial_shops, shop, shop, shop, nicolae_shop_waterfront
Shoals:3: layout_shoals
Shoals:4: shoals_end_grunt_garden, layout_shoals, shoal_ilsuiw, serial_shops,
          nicolae_shop_statue_plus
Orc:1:    layout_caves
Orc:2:    st_orc_elflike, layout_caves
Abyss:3:  base: D:6, grunt_abyss_rune_wretched_hive

Skill      XL: |  1  2  3  4  5  6  7  8  9 10 11 12 13 14 15 16 17 |
---------------+----------------------------------------------------+-----
Polearms       | 5 6 7 8 9 11 12 13 14 | 14.0
Dodging        | 5 6 7 9 10 12 14 15 16 | 16.6
Armour         | 1 2 3 4 5 6 8 9 |  9.1
Fighting       | 3 4 5 6 8 9 10 12 13 15 16 17 | 17.1
Stealth        | 2 3 4 6 7 8 |  8.4
Throwing       | 3 4 7 9 11 13 14 | 14.7
Invocations    | 1 2 |  2.6
Shields        | 1 4 |  4.8

Action                   |  1- 3 |  4- 6 |  7- 9 | 10-12 | 13-15 | 16-18 || total
-------------------------+-------+-------+-------+-------+-------+-------++-------
Melee: Trident           |    82 |   140 |       |       |   478 |   672 ||  1372
       Spear             |       |   185 |   648 |  1338 |  1552 |       ||  3723
       Tailslap          |       |       |     4 |    30 |    43 |    12 ||    89
       Punch             |       |       |     2 |     1 |     2 |     2 ||     7
Throw: Throwing net      |     7 |     2 |       |       |       |       ||     9
       Boomerang         |       |    12 |     9 |   206 |   616 |   431 ||  1274
       Javelin           |       |       |       |     4 |       |       ||     4
Invok: Heroism           |       |       |     3 |     3 |     5 |     4 ||    15
Evoke: Lightning rod     |       |       |       |       |       |     1 ||     1
       Phial of floods   |       |       |       |       |       |     1 ||     1
  Use: Scroll            |       |     6 |    10 |     7 |    14 |     9 ||    46
       Potion            |       |       |     2 |     2 |     2 |     6 ||    12
 Stab: Held in net/web   |     1 |       |       |       |       |       ||     1
       Paralysed         |       |       |     7 |     2 |       |       ||     9
       Confused          |       |       |     4 |     1 |       |       ||     5
       Sleeping          |       |       |     3 |     9 |     3 |       ||    15
       Distracted        |       |       |     1 |     2 |       |       ||     3
       Petrifying        |       |       |     1 |       |       |       ||     1
  Eat: Chunk             |       |    10 |     9 |    21 |    20 |     9 ||    69
       Ration            |       |       |     2 |     4 |     7 |     2 ||    15
Armor: Leather armour    |    15 |     2 |       |       |       |       ||    17
       Ring mail         |       |    57 |    96 |       |       |       ||   153
       Steam dragon scal |       |       |     2 |    73 |    91 |       ||   166
       Chain mail        |       |       |       |       |   148 |    70 ||   218
Dodge: Dodged            |    37 |   146 |   207 |   732 |  1405 |   475 ||  3002
Block: Kite shield       |       |       |       |       |       |   107 ||   107
